Map: 프록시마 정거장 - 래더

Players

Impact - Winner!

  • Race: Zerg Zerg
  • Spawn Location: 7:00

losira

  • Race: Zerg Zerg
  • Spawn Location: 1:00

Event: IEM XI Katowice - World Championship 2017

VOD

Have the link to the VOD?

Description

Time

  • Played on: Feb. 28, 2017, 7 a.m.
  • Length: 11:57

All games in this series

Show
View Real Time Build Order
Export as new Build Order

Impact Zerg - Winner!

Build Orders: Pool First, Zergling Baneling 

Get SALT Encoding   

  12  0:00  Drone  
  13  0:14  Extractor  
  12  0:23  Spawning Pool  
  12  0:27  Drone  
  12  0:33  Drone  
  13  0:38  Drone  
  14  0:49  Overlord  
  14  1:10  Zergling x2, Queen  
  17  1:17  Metabolic Boost  
  17  1:22  Drone  
  18  1:26  Drone  
  19  1:35  Zergling x2  
  20  1:41  Baneling Nest  
  20  1:44  Zergling x2  
  20  1:50  Zergling x2  
  21  1:57  Overlord  
  21  2:05  Zergling x2  
  22  2:17  Zergling x4  
  22  2:18  Zergling x4  
  26  2:25  Baneling x2  
  26  2:29  Zergling x2  
  27  2:45  Drone  
  27  2:50  Hatchery  
  27  2:52  Drone  
  27  3:04  Drone  
  27  3:05  Drone  
  27  3:12  Drone  
  28  3:16  Overlord  
  28  3:22  Overlord  
  27  3:31  Drone  
  27  3:34  Drone  
  27  3:36  Drone  
  29  3:41  Queen  
  31  3:50  Zergling x2  
  31  3:54  Baneling x2  
  31  3:55  Baneling  
  32  3:58  Drone  
  33  4:03  Drone  
  34  4:13  Baneling x2  
  34  4:14  Baneling  
  32  4:22  Drone x3  
  35  4:24  Drone  
  35  4:25  Drone  
  36  4:34  Drone  
  37  4:40  Drone  
  37  4:41  Lair  
  37  4:44  Drone  
  37  4:46  Extractor, Drone  
  37  4:47  Extractor  
  37  4:51  Drone  
  37  4:53  Drone  
  37  4:56  Drone  
  37  4:57  Drone x2  
  40  5:04  Roach Warren  
  40  5:05  Evolution Chamber  
  40  5:10  Drone  
  40  5:11  Drone  
  42  5:16  Drone  
  42  5:19  Drone  
  42  5:24  Drone x2  
  42  5:25  Drone  
  45  5:29  Drone  
  45  5:31  Zerg Missile Weapons Level 1  
  45  5:32  Drone  
  47  5:37  Extractor  
  47  5:41  Overseer  
  46  5:43  Glial Reconstitution  
  47  5:52  Roach  
  47  5:53  Roach  
  47  5:54  Overlord x2  
  50  6:01  Hatchery  
  50  6:02  Roach  
  51  6:09  Overlord  
  51  6:10  Overlord  
  51  6:15  Roach x3  
  57  6:19  Roach  
  57  6:24  Drone  
  57  6:25  Spire  
  59  6:32  Drone  
  61  6:34  Drone x2  
  61  6:35  Drone  
  63  6:41  Drone x2  
  63  6:42  Drone x2  
  63  6:46  Hatchery  
  66  6:51  Overlord  
  66  6:52  Overlord x2, Extractor  
  65  7:05  Drone x2  
  65  7:06  Queen, Drone  
  65  7:07  Drone  
  71  7:09  Drone  
  71  7:10  Drone x2  
  74  7:32  Extractor, Drone x5  
  74  7:34  Extractor  
  74  7:35  Drone  
  78  7:37  Mutalisk  
  78  7:38  Mutalisk x4  
  88  7:46  Mutalisk x2  
  88  7:48  Mutalisk  
  88  7:51  Roach  
  98  7:53  Roach  
  98  7:56  Roach  
  98  7:58  Queen, Roach  
  104  8:00  Roach  
  108  8:08  Extractor, Drone x2  
  108  8:09  Roach x2, Extractor  
  108  8:11  Roach  
  108  8:12  Overlord  
  114  8:15  Overlord x2  
  112  8:27  Roach  
  112  8:29  Overlord  
  112  8:30  Queen x2  
  112  8:32  Roach  
  112  8:35  Roach  
  112  8:36  Roach  
  112  8:40  Drone x2  
  120  8:42  Roach x2  
  120  8:43  Roach  
  130  8:48  Roach x3  
  130  8:52  Drone  
  133  9:05  Tunneling Claws  
  131  9:10  Burrow  
  131  9:11  Roach x5  
  131  9:14  Hatchery, Overlord  
  131  9:16  Zerg Missile Weapons Level 2, Overlord  
  140  9:23  Roach  
  140  9:24  Overlord, Roach x2  
  146  9:26  Overlord  
  146  9:37  Roach x5  
  156  9:39  Ravager  
  157  9:46  Roach x5  
  157  9:48  Drone  
  157  9:49  Extractor, Drone x2  
  157  9:51  Roach  
  171  9:54  Overlord  
  171  9:57  Roach  
  171  9:58  Unknown, Roach  
  177  10:00  Roach  
  177  10:06  Roach  
  177  10:07  Overlord  
  177  10:10  Overlord x2  
  173  10:19  Roach x4  
  179  10:21  Ravager  
  179  10:22  Ravager x4  
  179  10:26  Roach x2  
  188  10:31  Roach x3  
  188  10:34  Overlord  
  194  10:37  Roach  
  194  10:39  Roach x2  
  200  10:43  Overlord  
  200  10:45  Overlord  
  200  10:49  Unknown  
  200  10:52  Roach x3  
  200  10:56  Roach  
  200  11:03  Roach x4  
  200  11:09  Overlord x2  
  200  11:15  Overlord x2  
  182  11:37  Roach x17  
Show
View Real Time Build Order
Export as new Build Order

losira Zerg 

Build Orders: Hatch First 

Get SALT Encoding   

  12  0:01  Drone  
  13  0:08  Drone  
  14  0:15  Extractor, Drone  
  15  0:22  Overlord  
  15  0:44  Hatchery  
  15  0:48  Drone  
  15  0:52  Drone  
  15  0:56  Drone  
  17  1:00  Drone  
  18  1:07  Extractor  
  17  1:15  Spawning Pool  
  17  1:18  Drone  
  17  1:23  Drone  
  18  1:32  Drone  
  19  1:44  Drone  
  20  1:53  Drone  
  21  1:57  Drone  
  22  2:01  Queen  
  22  2:02  Queen  
  22  2:03  Zergling x2  
  22  2:07  Zergling x2  
  28  2:08  Metabolic Boost  
  28  2:14  Overlord  
  28  2:30  Zergling x2, Baneling Nest  
  28  2:32  Spine Crawler  
  28  2:33  Zergling x2  
  28  2:34  Zergling x2  
  28  2:44  Queen  
  28  2:46  Zergling x2  
  28  2:49  Zergling x2  
  31  2:53  Zergling x2  
  31  2:55  Zergling x2  
  31  3:02  Zergling x2  
  31  3:04  Zergling x2  
  32  3:08  Zergling x2  
  32  3:09  Zergling x2  
  32  3:11  Zergling x2  
  29  3:13  Baneling  
  29  3:14  Baneling x3  
  29  3:15  Zergling x2  
  29  3:22  Zergling x4  
  31  3:29  Baneling Nest  
  28  3:41  Queen  
  30  3:42  Drone  
  30  3:47  Drone  
  32  3:50  Drone  
  32  3:52  Drone  
  32  3:55  Drone  
  35  3:58  Drone  
  35  4:05  Drone  
  35  4:06  Drone  
  36  4:13  Zergling x2  
  36  4:14  Overlord  
  35  4:20  Drone  
  35  4:24  Baneling x2  
  35  4:26  Overlord  
  35  4:30  Overlord  
  35  4:35  Drone  
  35  4:36  Drone  
  36  4:40  Zergling x2  
  36  4:41  Drone  
  36  4:43  Drone  
  38  4:46  Drone  
  38  4:48  Drone  
  38  4:50  Drone  
  38  4:51  Drone  
  42  4:54  Drone  
  42  4:58  Evolution Chamber  
  42  4:59  Drone  
  43  5:01  Drone  
  43  5:05  Drone  
  43  5:06  Drone  
  45  5:08  Overlord  
  45  5:12  Drone  
  48  5:24  Zerg Ground Armor Level 1  
  45  5:30  Hatchery  
  45  5:31  Zergling x2, Extractor  
  45  5:32  Drone  
  45  5:33  Zergling x2  
  47  5:35  Zergling x2  
  47  5:38  Zergling x2  
  47  5:41  Overlord  
  48  5:46  Roach Warren, Drone  
  49  5:50  Zergling x2  
  49  5:51  Overlord  
  48  5:57  Overlord  
  48  5:58  Zergling x2, Unknown  
  48  6:00  Drone x2  
  51  6:05  Lair  
  51  6:06  Drone  
  52  6:15  Extractor  
  52  6:18  Drone x3  
  52  6:19  Overlord  
  52  6:30  Roach x5  
  52  6:31  Roach  
  63  6:33  Overlord  
  63  6:39  Overlord  
  62  6:41  Overlord  
  62  6:43  Roach  
  62  6:46  Roach  
  64  6:47  Roach  
  64  6:48  Roach  
  68  6:55  Queen  
  70  7:03  Glial Reconstitution, Unknown  
  70  7:04  Roach  
  70  7:08  Roach  
  74  7:14  Roach x2  
  79  7:15  Roach  
  79  7:19  Roach  
  79  7:21  Roach  
  83  7:27  Roach  
  83  7:28  Roach  
  87  7:30  Drone x6  
  87  7:34  Drone x2  
  87  7:35  Drone  
  96  7:38  Drone  
  96  7:41  Zerg Missile Weapons Level 1  
  96  7:42  Drone  
  96  7:43  Extractor, Drone  
  99  7:44  Drone x2  
  99  7:46  Drone  
  99  7:49  Drone  
  99  7:50  Overseer  
  102  7:52  Drone  
  102  7:55  Roach  
  102  7:56  Extractor  
  104  8:00  Extractor  
  104  8:03  Drone  
  104  8:04  Roach  
  104  8:05  Roach x2  
  110  8:08  Roach x2  
  110  8:09  Roach  
  110  8:12  Roach  
  118  8:16  Drone x2  
  118  8:17  Overlord  
  118  8:19  Overlord  
  120  8:25  Roach  
  120  8:26  Roach x2  
  118  8:31  Roach  
  118  8:32  Roach x2  
  98  8:42  Spore Crawler, Hydralisk Den  
  98  8:43  Spore Crawler, Drone x3  
  98  8:46  Spore Crawler  
  98  8:47  Spore Crawler  
  92  8:49  Drone  
  92  8:51  Spore Crawler, Drone x2  
  92  8:53  Drone  
  96  8:55  Drone x2  
  97  9:02  Roach  
  97  9:03  Roach x2  
  97  9:04  Roach  
  97  9:08  Roach x2  
  107  9:13  Overlord  
  107  9:21  Roach x5  
  117  9:25  Muscular Augments  
  117  9:29  Roach  
  117  9:30  Roach  
  117  9:37  Zerg Missile Weapons Level 2  
  116  9:39  Hydralisk x3  
  116  9:42  Overseer  
  116  9:43  Hydralisk  
  124  9:47  Hydralisk x2  
  124  9:51  Hydralisk  
  130  9:56  Roach x3  
  136  10:03  Hydralisk  
  136  10:05  Overlord  
  136  10:06  Overlord  
  134  10:15  Roach  
  134  10:16  Roach  
  134  10:20  Queen  
  138  10:25  Overlord  
  138  10:30  Roach x8  
  154  10:37  Overlord  
  154  10:43  Hatchery  
  154  10:47  Roach  
  154  10:48  Unknown x2, Roach x3  
  154  10:49  Unknown, Overlord  
  161  10:52  Overlord  
  161  10:54  Queen  
  161  10:58  Roach x2  
  161  11:02  Roach x2  
  161  11:03  Overlord  
  170  11:06  Overlord  
  169  11:13  Roach x4  
  169  11:15  Roach  
  169  11:17  Roach  
  181  11:20  Roach  
  181  11:23  Roach  
  185  11:26  Roach  
  185  11:32  Roach x2  
  174  11:36  Roach  

Tags
 
Add a new tag
Caveats
  • Supply blocks, unpowered buildings, or Contaminate may cause inaccurate times.
  • Supply counts are checked every 10 seconds.